 Dungeon Crawl Stone Soup version 0.28-a0-1395-g4f6bc678fa (webtiles) character file.

Game seed: 9462319640819880889

41 fragbeetle the Ruffian (level 3, 0/29 HPs)
             Began as a Draconian Transmuter on Jan 5, 2022.
             Was an Initiate of Ru.
             Slain by Natasha (4 damage)
             ... on level 2 of the Dungeon.
             The game lasted 00:03:18 (1727 turns).

fragbeetle the Ruffian (Draconian Transmuter)       Turns: 1727, Time: 00:03:19

Health: 0/29       AC:  6    Str: 14    XL:     3   Next: 32%
Magic:  5/6        EV: 12    Int: 13    God:    Ru [......]
Gold:   84         SH:  0    Dex: 11    Spells: 5/6 levels left

rFire   . . .      SeeInvis .     - Unarmed
rCold   . . .      Faith    .   (no shield)
rNeg    . . .      Spirit   .   (armour unavailable)
rPois   .          Reflect  .   (helmet currently unavailable)
rElec   .          Harm     .   (no cloak)
rCorr   .          Rampage  .   h - +0 pair of gloves
Will    .....                   (boots currently unavailable)
Stlth   +.........              (no amulet)
HPRegen 0.09/turn               c - ring of flight
MPRegen 0.10/turn               (no ring)

@: appendages (expiring), flying, slowed, very slow
A: horns 2, talons 2, AC +5, unfitting armour, cold-blooded
a: End Transformation, Renounce Religion


You were on level 2 of the Dungeon.
You worshipped Ru.
Ru was noncommittal.
You had temporarily grown beastly horns and talons.
You visited 1 branch of the dungeon, and saw 2 of its levels.

You collected 84 gold pieces.

Inventory:

Missiles
 j - 25 stones
 l - 3 boomerangs (quivered)
Armour
 h - a +0 pair of gloves (worn)
Jewellery
 c - a ring of flight (left hand)
Scrolls
 d - a scroll of torment {unknown}
 e - a scroll of enchant weapon {unknown}
 f - 3 scrolls of identify {unknown}
 i - a scroll of summoning {unknown}
 m - a scroll of fear {unknown}
Potions
 a - a potion of might {unknown}
 b - 2 potions of attraction {unknown}
 g - a potion of magic {unknown}
 k - a potion of ambrosia {unknown}
 n - 2 potions of resistance {unknown}


   Skills:
 + Level 1.7 Fighting
 + Level 2.1 Dodging
 * Level 3.4 Unarmed Combat
 - Level 2.0 Spellcasting
 * Level 2.8 Transmutations


You had 5 spell levels left.
You knew the following spells:

 Your Spells              Type           Power      Damage    Failure   Level
a - Beastly Appendage     Tmut           16%        N/A       9%          1

Your spell library contained the following spells:

 Spells                   Type           Power      Damage    Failure   Level
 Wereblood                Tmut           8%         N/A       12%         2
 Spider Form              Tmut/Pois      4%         N/A       41%         3
 Gell's Gravitas          Tloc           1%         N/A       58%         3
 Lesser Beckoning         Tloc           1%         N/A       58%         3
 Teleport Other           Tloc           1%         N/A       58%         3
 Ice Form                 Ice/Tmut       4%         N/A       82%         4


Dungeon Overview and Level Annotations

Branches:
Dungeon (2/15)

Altars:
Ru

Annotations:
D:2 Natasha


Innate Abilities, Weirdness & Mutations

You have temporarily grown beastly horns and talons.
Your plain brown scales are hard. (AC +5)
You cannot fit into any form of body armour.
You are cold-blooded and may be slowed by cold attacks.


Message History

* * * LOW HITPOINT WARNING * * *
You feel yourself slow down.
You barely miss the endoplasm. You headbutt the endoplasm.
You kill the endoplasm!
Your transformation is almost over.
You feel yourself speed up.
You now have 84 gold pieces (gained 12).
A kobold comes into view. It is wielding a +0 dagger.
The kobold shouts!
You hear an angry hiss.
Natasha, Servant of Life and Death comes into view.
There is a sacrificial altar of Ru here.
You hover solemnly before the altar of Ru.
You hover solemnly before the altar of Ru.
Ru welcomes you!
Your horns disappear.
Your talons disappear.
Natasha casts a spell.
Casting: Beastly Appendage (safe; 9% risk of failure)
Confirm with . or Enter, or press ? or * to list all spells.
You grow a pair of large bovine horns.
Your feet morph into talons.
An adder comes into view.
Natasha mewls in sadness.
The crimson imp blinks!
The adder hisses angrily.
You hit the kobold. You claw the kobold.
You kill the kobold!
Natasha casts a spell at you. The magic dart hits you.
* * * LOW HITPOINT WARNING * * *
You hit Natasha but do no damage.
Natasha stares at you and mumbles some strange words.
You feel yourself slow down.
You hit Natasha. Your headbutt misses Natasha.
Your tail-slap misses Natasha.
Natasha is moderately wounded.
The adder bites you but does no damage. Natasha barely misses you.
The adder bites you but does no damage.
You closely miss Natasha.
Your tail-slap misses Natasha.
Natasha is moderately wounded.
Your transformation is almost over.
Natasha claws you but does no damage. The adder misses you. Natasha claws you.
You die...

# #.##..# #
#.....#
########'##
#.........#
#.........#
#.........#
#...._....#
#.........#
#..@)..^..#
#.Sh......######
#...............
#..........####.
#5.........#
..............
...........####
.............
....########


You could see Natasha, a crimson imp (summoned) and an adder.

Vanquished Creatures
  A worm (D:2)
  7 ball pythons
  5 bats
  6 endoplasms
  A goblin (D:1)
  2 hobgoblins
  5 kobolds (D:2)
  3 quokkas
  4 rats
34 creatures vanquished.

Notes
Turn   | Place    | Note
-------+----------+-------------------------------------------
     0 | D:1      | fragbeetle the Draconian Transmuter began the quest for the
                  | Orb.
     0 | D:1      | Reached XP level 1. HP: 16/16 MP: 3/3
   459 | D:1      | Reached XP level 2. HP: 23/23 MP: 3/5
  1430 | D:2      | Reached XP level 3. HP: 19/28 MP: 4/6
  1691 | D:2      | Found a sacrificial altar of Ru.
  1717 | D:2      | Noticed Natasha
  1719 | D:2      | Became a worshipper of Ru the Awakened
  1727 | D:2      | Slain by Natasha

Illustrated notes

Levels and vault maps discovered:
D:1:      pf_arrival_petrified_forest, layout_basic
D:2:      minmay_diamond_boxcup, layout_basic, basic_altar, grunt_ministairs_9,
          uniq_natasha

Skill      XL: |  1  2 |
---------------+-------+-----
Dodging        | 2 |  2.1
Fighting       | |  1.7
Unarmed Combat | |  3.4
Spellcasting   | |  2.0
Transmutations | |  2.8

Action                   || total
-------------------------++-------
Melee: Unarmed           ||   102
       Kick              ||    16
       Tailslap          ||    11
       Punch             ||     3
       Headbutt          ||    11
Throw: Boomerang         ||     1
 Cast: Beastly Appendage ||    27
 Stab: Sleeping          ||     1
Armor: Skin              ||    37
Dodge: Dodged            ||    84

Table legend: (Time is in decaauts)
 A = Elapsed time spent in this place.
 B = Non-inter-level travel time spent in this place.
 C = Inter-level travel time spent in this place.
 D = Time resting spent in this place.
 E = Time spent auto-exploring this place.
 F = Levels seen in this place.
 G = Mean time per level.
                   A        B        C        D        E       F      G
               +--------+--------+--------+--------+--------+-----+--------+
         Total |   1729 |   1709 |     20 |    184 |   1199 |   2 |  864.5 |
       Dungeon |   1729 |   1709 |     20 |    184 |   1199 |   2 |  864.5 |
               +--------+--------+--------+--------+--------+-----+--------+

Top non-repeatable levels by time:
     D:1: 1206 daAuts
     D:2: 523 daAuts
